 Dungeon Crawl Stone Soup version 0.16.1-16-gc44b35d (webtiles) character file.

3320 Chiseanne the Unseen (level 9, -1/41 HPs)
             Began as a Spriggan Assassin on Apr 28, 2015.
             Was an Initiate of Gozag.
             Slain by a troll (7 damage)
             ... on level 9 of the Dungeon.
             The game lasted 00:32:28 (9472 turns).

Chiseanne the Unseen (Spriggan Assassin)            Turns: 9472, Time: 00:32:29

Health: -1/41      AC:  4    Str:  7    XL:     9   Next: 71%
Magic:  18/18      EV: 27    Int: 13    God:    Gozag
Gold:   674        SH:  8    Dex: 20    Spells: 0 memorised, 8 levels left

rFire  + . .     SeeInvis +     a - +3 dagger (venom)
rCold  . . .     Clarity  .     V - +0 robe (curse)
rNeg   + . .     SustAb   .     D - +1 buckler
rPois  .         Gourm    .     (helmet restricted)
rElec  .         Spirit   .     p - +1 cloak
rCorr  .         Warding  +     (gloves unavailable)
rMut   .         Stasis   .     (boots unavailable)
MR     +....                    l - amulet of warding
Stlth  +++++++++.               A - ring of stealth
                                O - ring of protection from fire

@: very quick, somewhat resistant to hostile enchantments, incredibly stealthy
A: unfitting armour, see invisible, herbivore 3, speed 3, slow metabolism 2
a: Potion Petition, Call Merchant, Bribe Branch, Renounce Religion


You were on level 9 of the Dungeon.
You worshipped Gozag.
Gozag was noncommittal.
You were not hungry.

You visited 2 branches of the dungeon, and saw 10 of its levels.

You collected 804 gold pieces.
You paid 130 gold pieces to Gozag.

Inventory:

Hand weapons
 a - a +3 dagger of venom (weapon)
 d - a +0 rapier
 e - a +0 hand crossbow
 s - a +1 flail of draining
 w - a +0 blowgun
Missiles
 b - 71 arrows
 f - 2 curare-tipped needles
 i - 9 arrows of frost
 q - 13 sling bullets
 z - 59 bolts
 H - 5 tomahawks
 N - 2 throwing nets (quivered)
 P - 54 poisoned needles
Armour
 p - a +1 cloak (worn)
 D - a +1 buckler (worn)
 V - a cursed +0 robe (worn)
Jewellery
 k - an uncursed amulet of faith
 l - an amulet of warding (around neck)
 y - an uncursed ring of magical power
 A - a ring of stealth (right hand)
 G - an uncursed amulet of resist mutation
 O - a ring of protection from fire (left hand)
Magical devices
 x - a wand of disintegration (3)
 Q - a wand of slowing (26)
 S - a wand of frost (27)
 T - a wand of lightning (2)
 U - a wand of disintegration (10)
Scrolls
 j - a scroll of recharging
 B - a scroll of fog
 E - a scroll of remove curse
 F - 2 scrolls of fear
 J - a scroll of magic mapping
 M - 2 scrolls of teleportation
Potions
 h - a potion of cancellation
 m - a potion of restore abilities
 n - 2 potions of lignification
 o - 2 potions of magic
 r - a potion of might
 t - 2 potions of ambrosia
 u - 2 potions of curing
 v - 2 potions of heal wounds {unknown}
 C - a potion of resistance
 I - a potion of poison {unknown}
 L - a potion of beneficial mutation {unknown}
 R - a potion of haste
Comestibles
 c - a slice of pizza
 g - 7 bread rations
 K - 4 fruits


   Skills:
 - Level 1.5 Fighting
 - Level 2.1 Short Blades
 - Level 2.1 Throwing
 * Level 10.0 Dodging
 * Level 16.9 Stealth
 * Level 2.5 Shields


You had 8 spell levels left.
You didn't know any spells.

Dungeon Overview and Level Annotations

Branches:
Dungeon (9/15)             Temple (1/1) D:6
   Lair: D:8-11         Orc: D:9-12

Altars:
Ashenzari
Cheibriados
Dithmenos
Elyvilon
Fedhas
Gozag
Kikubaaqudgha
Makhleb
Nemelex Xobeh
Okawaru
Qazlal
Ru
Sif Muna
Trog
Vehumet
Xom
Yredelemnul
Zin
The Shining One

Shops:
D:9 }


Innate Abilities, Weirdness & Mutations

You are tiny and cannot use many weapons and most armour.
You have supernaturally acute eyesight.
You are a herbivore.
You cover ground extremely quickly.
You need consume almost no food.


Message History

P - 54 poisoned needles (gained 11)
A troll comes into view.
You see here 16 gold pieces.
You now have 674 gold pieces (gained 16).
A hound comes into view.
The hound barks!
The troll shouts!
Found a shimmering altar of Xom.
You hit the troll.
The troll is poisoned.
The troll is lightly wounded.
The troll bites you. The troll closely misses you. The troll misses you.
You hit the troll.
The troll looks even sicker.
The troll is moderately wounded.
The troll bites you! You block the troll's attack. The troll claws you!
* * * LOW HITPOINT WARNING * * *
You barely miss the troll.
The troll is moderately wounded.
The troll bites you!
You die...
Your body crumbles into a pile of gold.

#.# ######....##.... #.#
####....... #.# ####
##>....#### #.#
##..####...#### #.#
#....##...## #########.#
#.........# #.........#
#....[#####
#.############################
#............@Th.....#........
#.#...#...#...#...#..#######..
#..................._ #..
###...#...#...#...#.. #.#
#................... ##.#
################### ##...
###.... #...... #......


You could see a troll and a hound.

Vanquished Creatures
  Erolcha (D:8)
  2 hippogriffs
  A hungry ghost (D:7)
  An orc warrior (D:6)
  2 sky beasts
  A wasp (D:8)
  An ogre (D:6)
  3 ice beasts
  A phantom (D:9)
  A centaur (D:8)
  A big kobold (D:9)
  A giant frog (D:9)
  A gnoll sergeant (D:6)
  4 scorpions
  4 hounds
  3 crimson imps
  3 jellies
  3 orc priests
  5 worker ants
  A statue (D:5)
  An iguana (D:4)
  7 orc wizards
  Ijyb (D:2)
  A hound skeleton (D:6)
  Terence (D:2)
  A worker ant zombie (D:7)
  16 gnolls
  10 adders
  A shadow imp (D:6)
  2 worms
  An adder skeleton (D:8)
  4 giant geckos
  15 orcs
  11 bats
  2 bat skeletons
  A bat zombie (D:7)
  6 giant cockroaches
  11 goblins
  13 hobgoblins
  20 kobolds
  2 quokkas (D:6)
  A ball python skeleton (D:4)
  4 giant newts
  2 giant spores (D:8)
  4 jackals (D:5)
  A quokka skeleton (D:5)
  13 rats
  A ballistomycete (D:8)
193 creatures vanquished.

Vanquished Creatures (others)
  An orc (D:8)
1 creature vanquished.

Grand Total: 194 creatures vanquished

Notes
Turn   | Place    | Note
--------------------------------------------------------------
     0 | D:1      | Chiseanne, the Spriggan Assassin, began the quest for the Orb.
     0 | D:1      | Reached XP level 1. HP: 10/10 MP: 2/2
    31 | D:1      | Reached skill level 6 in Stealth
   181 | D:1      | Reached XP level 2. HP: 12/14 MP: 4/4
   563 | D:1      | Reached skill level 7 in Stealth
   620 | D:1      | Reached XP level 3. HP: 7/18 MP: 6/6
  1329 | D:2      | Reached skill level 8 in Stealth
  1393 | D:2      | Noticed Terence
  1411 | D:2      | Killed Terence
  1726 | D:2      | Reached XP level 4. HP: 20/22 MP: 8/8
  1809 | D:2      | Noticed Ijyb
  1828 | D:2      | Killed Ijyb
  2237 | D:3      | Reached skill level 9 in Stealth
  2630 | D:3      | Found a bloodstained altar of Trog.
  2869 | D:4      | Found a shattered altar of Ashenzari.
  2935 | D:4      | Reached skill level 10 in Stealth
  2935 | D:4      | Reached XP level 5. HP: 25/25 MP: 10/10
  3070 | D:4      | Found an iron altar of Okawaru.
  3366 | D:4      | Reached skill level 11 in Stealth
  3366 | D:4      | Reached XP level 6. HP: 8/30 MP: 12/12
  4197 | D:5      | Entered Level 5 of the Dungeon
  4222 | D:5      | Found a radiant altar of Vehumet.
  4330 | D:5      | Found a blossoming altar of Fedhas.
  4516 | D:5      | Reached skill level 12 in Stealth
  4581 | D:5      | Noticed a hippogriff
  4584 | D:5      | Killed a hippogriff
  4584 | D:5      | Reached XP level 7. HP: 33/33 MP: 14/14
  4676 | D:5      | Found a burning altar of Makhleb.
  4704 | D:5      | Found a stormy altar of Qazlal.
  5006 | D:6      | Reached skill level 13 in Stealth
  5044 | D:6      | Found a glowing silver altar of Zin.
  5216 | D:6      | Found a staircase to the Ecumenical Temple.
  5493 | D:6      | Found a shattered altar of Ashenzari.
  6162 | D:6      | Reached skill level 14 in Stealth
  6406 | D:6      | Reached XP level 8. HP: 26/37 MP: 16/16
  6647 | Temple   | Entered the Ecumenical Temple
  6712 | Temple   | Became a worshipper of Gozag Ym Sagoz the Greedy
  7215 | D:7      | Reached skill level 15 in Stealth
  7411 | D:7      | Reached skill level 1 in Shields
  7543 | D:7      | Reached skill level 5 in Dodging
  8161 | D:8      | Noticed Erolcha
  8169 | D:8      | Killed Erolcha
  8169 | D:8      | Reached skill level 16 in Stealth
  8169 | D:8      | Reached XP level 9. HP: 41/41 MP: 18/18
  8985 | D:9      | Found a deep blue altar of Sif Muna.
  9061 | D:9      | Found a burning altar of Makhleb.
  9075 | D:9      | Found Keelinur's Gadget Emporium.
  9444 | D:9      | Reached skill level 10 in Dodging
  9469 | D:9      | Found a shimmering altar of Xom.
  9472 | D:9      | Slain by a troll

Action                   |  1- 3 |  4- 6 |  7- 9 || total
-------------------------+-------+-------+-------++-------
Melee: Dagger            |   109 |    90 |   274 ||   473
       Rapier            |       |       |    20 ||    20
       Flail             |       |       |    45 ||    45
 Fire: Blowgun           |    10 |    50 |    95 ||   155
       Hand crossbow     |       |       |     6 ||     6
Evoke: Wand              |       |       |    19 ||    19
  Use: Scroll            |     6 |    10 |     6 ||    22
 Stab: Sleeping          |    11 |    17 |    18 ||    46
       Distracted        |     1 |       |     8 ||     9
       Confused          |       |       |     1 ||     1
  Eat: Bread ration      |       |     1 |       ||     1
       Pizza             |       |     1 |       ||     1
